 Dungeon Crawl Stone Soup version 0.27-a0-1158-gaa87e14f67 (webtiles) character file.

Game seed: 7760388658584737244

513 freelancePsychic the Magician (level 7, -7/47 HPs)
             Began as a Djinni Earth Elementalist on May 15, 2021.
             Was a Follower of Nemelex Xobeh.
             Mangled by a wyvern (17 damage)
             ... in a sewer.
             The game lasted 00:08:30 (2957 turns).

freelancePsychic the Magician (DjEE)                Turns: 2957, Time: 00:08:31

Health: -7/47      AC:  4    Str:  7    XL:     7   Next: 43%
Gold:   83         EV: 12    Int: 18    God:    Nemelex Xobeh [*.....] SH:  0 Dex: 14

rFire    + + .     SeeInvis .   f - +0 flail (holy)
rCold    x . .     Faith    .   (no shield)
rNeg     . . .     Spirit   .   c - +0 robe
rPois    ∞         Reflect  .   (no helmet)
rElec    .         Harm     .   p - +0 cloak
rCorr    .         Rampage  .   e - +0 pair of gloves
Will     .....                  (boots unavailable)
Stlth    ++........             (no amulet)
HPRegen  0.15/turn              (no ring)
MPRegen  0.00/turn              (no ring)

@: flying
A: sickness immunity, fire resistance 2, cold vulnerability 1, float, innate
caster, hp casting, extra vitality 1
a: Renounce Religion, Draw Escape, Draw Destruction, Draw Summoning


You were in a sewer.
You worshipped Nemelex Xobeh.
Nemelex Xobeh was aware of your devotion.
You visited 1 branch of the dungeon, and saw 3 of its levels.
You also visited: Sewer.

You collected 83 gold pieces.

Inventory:

Hand Weapons
 f - a +0 flail of holy wrath (weapon)
Missiles
 b - 37 stones
 o - a throwing net
Armour
 c - a +0 robe (worn)
 e - a +0 pair of gloves (worn)
 h - a +0 buckler
 p - a +0 cloak (worn)
Scrolls
 g - a scroll of enchant weapon
 i - 2 scrolls of blinking
 j - a scroll of fog
Potions
 a - a potion of flight {unknown}
 d - a potion of cancellation
 k - a potion of invisibility {unknown}
 l - a potion of might {unknown}
 m - a potion of mutation {unknown}
 n - a potion of heal wounds {unknown}
 q - a potion of curing {unknown}
 r - 2 potions of haste {unknown}


   Skills:
 - Level 1.2 Fighting
 - Level 2.1 Dodging
 - Level 1.5 Stealth
 * Level 5.2 Spellcasting
 + Level 3.5 Invocations


You couldn't memorise any spells.
You knew the following spells:

 Your Spells              Type           Power      Damage    Failure   Level
a - Sandblast             Erth           46%        2d11      1%          1
b - Passwall              Tmut/Erth      19%        N/A       2%          2
c - Stone Arrow           Conj/Erth      46%        3d9       4%          3
d - Petrify               Tmut/Erth      23%        N/A       16%         4
e - Lee's Rapid Deconstr  Erth           11%        3d9*      38%         5
f - Animate Skeleton      Necr           46%        N/A       1%          1
g - Searing Ray           Conj           46%        3d4       2%          2
h - Dazzling Flash        Conj/Hex       46%        N/A       4%          3
Your spell library was empty.

Dungeon Overview and Level Annotations

Branches:
Dungeon (3/15)              Sewer (1/1)

Altars:
Nemelex Xobeh


Innate Abilities, Weirdness & Mutations

You are immune to sickness and miasma.
You are immune to poison.
Your flesh is very heat resistant. (rF++)
You are vulnerable to cold. (rC-)
You float through the air rather than walking.
You learn spells naturally, not from books.
Your magical power is your life essence.
You have superior vitality. (+4 HP)


Message History

Aiming: Stone Arrow (dangerous; 5% risk of failure)
Press: ? - help, Shift-Dir - straight line, f/p - swamp drake
Aim: a swamp drake (purple smoke, water, almost dead, catching its breath, misshapen and mutated, 68% to hit)
The stone arrow hits the swamp drake!
You kill the swamp drake!
The frilled lizard returns to its original shape as it dies.
The river rat barely misses you.
Your Spellcasting skill increases to level 5!
Casting: Stone Arrow (dangerous; 4% risk of failure)
Confirm with . or Enter, or press ? or * to list all spells.
Aiming: Stone Arrow (dangerous; 4% risk of failure)
Press: ? - help, Shift-Dir - straight line, f - river rat
Aim: a river rat (purple smoke, water, misshapen and mutated, 68% to hit)
The stone arrow hits the river rat!
You kill the river rat!
The ball python returns to its original shape as it dies.
* * * LOW HITPOINT WARNING * * *
The tengu shouts, "What's happening?!"
Casting: Stone Arrow (dangerous; 4% risk of failure)
Confirm with . or Enter, or press ? or * to list all spells.
Aiming: Stone Arrow (dangerous; 4% risk of failure)
Press: ? - help, Shift-Dir - straight line, f - tengu
Aim: a tengu (water, severely wounded, confused, misshapen and mutated, 86% to hit)
The stone arrow hits the tengu!
You kill the tengu!
The bullfrog returns to its original shape as it dies.
* * * LOW HITPOINT WARNING * * *
The tengu seems to return to its normal shape.
Okay, then.
You draw a card...
You have drawn the Tomb.
Walls emerge from the floor!
You start resting.
The walls disappear!
The wyvern bites you.
* * * LOW HITPOINT WARNING * * *
The tengu closely misses you. The tengu pecks you.
* * * LOW HITPOINT WARNING * * *
The tengu misses you.
You draw a card...
You have drawn the Cloud.
Clouds appear around you! The wyvern bites you!
You die...
Your body disappears without a glow.

≈≈≈≈≈≈≈#≈≈≈≈≈≈≈......#
#################....#
##...## #####†..#
#..'†...# #..#....#
####.†.##
#################....#
≈≈≈≈r≈§§§≈≈≈≈≈≈l@§...#
≈≈y†≈Q§≈≈≈≈≈≈≈≈§Q§..##
≈≈≈r≈Q§≈≈≈≈≈≈≈≈§§§..#
≈≈≈≈≈≈≈≈≈≈≈≈≈≈≈.....#
≈≈≈≈≈≈..≈#≈≈≈≈≈....##
≈≈≈≈≈≈≈≈≈≈≈≈≈≈≈..###
##################


You could see a wyvern and a tengu.

Vanquished Creatures
  3 swamp drakes (Sewer)
  A tengu (Sewer)
  A hound (D:2)
  5 adders
  4 river rats (Sewer)
  A dart slug (D:1)
  13 ball pythons
  5 endoplasms
  7 giant cockroaches
  9 goblins
  6 jackals
  6 quokkas
  4 bats
  6 frilled lizards
  8 kobolds
  15 rats
94 creatures vanquished.

Vanquished Creatures (collateral kills)
  3 river rats (Sewer)
  6 rats (Sewer)
9 creatures vanquished.

Vanquished Creatures (others)
  A killer bee (Sewer)
1 creature vanquished.

Grand Total: 104 creatures vanquished

Notes
Turn   | Place    | Note
-------+----------+-------------------------------------------
     0 | D:1      | freelancePsychic the Djinni Earth Elementalist began the
                  | quest for the Orb.
     0 | D:1      | Reached XP level 1. HP: 15/15 MP: 0/0
   197 | D:1      | Reached XP level 2. HP: 21/22 MP: 0/0
   418 | D:1      | Reached skill level 1 in Fighting
   488 | D:1      | Reached XP level 3. HP: 10/27 MP: 0/0
   488 | D:1      | Learned a level 1 spell: Animate Skeleton
   489 | D:1      | Reached skill level 3 in Spellcasting
   775 | D:1      | Found a faded altar of an unknown god.
   787 | D:1      | Became a worshipper of Nemelex Xobeh the Trickster
   787 | D:1      | Reached * piety under Nemelex Xobeh
   787 | D:1      | Received a gift from Nemelex Xobeh
  1167 | D:2      | Reached skill level 1 in Invocations
  1167 | D:2      | Reached XP level 4. HP: 25/32 MP: 0/0
  1839 | D:3      | Found a glowing drain.
  1841 | D:3      | Reached XP level 5. HP: 12/37 MP: 0/0
  1841 | D:3      | Learned a level 2 spell: Searing Ray
  1861 | Sewer    | Entered a sewer
  2182 | Sewer    | Identified the +0 hand axe of Dissent {vorpal, rN+ Str+2}
  2566 | Sewer    | Reached skill level 4 in Spellcasting
  2819 | Sewer    | Reached XP level 6. HP: 35/42 MP: 0/0
  2910 | Sewer    | Noticed an acid dragon
  2910 | Sewer    | a bullfrog changed into an acid dragon
  2910 | Sewer    | Noticed a steam dragon
  2910 | Sewer    | a bullfrog changed into a steam dragon
  2912 | Sewer    | Noticed a swamp drake
  2912 | Sewer    | a bat changed into a swamp drake
  2912 | Sewer    | Noticed a wyvern
  2912 | Sewer    | a steam dragon changed into a wyvern
  2912 | Sewer    | Noticed a tengu
  2912 | Sewer    | a bullfrog changed into a tengu
  2912 | Sewer    | Noticed a swamp drake
  2912 | Sewer    | a bullfrog changed into a swamp drake
  2912 | Sewer    | Noticed a tengu
  2912 | Sewer    | an acid dragon changed into a tengu
  2912 | Sewer    | Noticed a swamp drake
  2912 | Sewer    | a bat changed into a swamp drake
  2920 | Sewer    | Killed a swamp drake
  2923 | Sewer    | Killed a swamp drake
  2924 | Sewer    | Reached XP level 7. HP: 24/47 MP: 0/0
  2924 | Sewer    | Learned a level 3 spell: Dazzling Flash
  2927 | Sewer    | Reached skill level 5 in Spellcasting
  2957 | Sewer    | Mangled by a wyvern

Illustrated notes

Levels and vault maps discovered:
D:1:      scummos_arrival_hexagon, layout_rooms,
          chequers_ecumenical_altar_simple_redux
D:2:      layout_loops_ring, grunt_decor_arrowhead, kennysheep_generic_room_2
D:3:      layout_rooms, gup_sewer_entry_pipe, amcnicky_mini_pool_small
Sewer:    sewer_minmay_w

Skill      XL: |  1  2  3  4  5  6  7 |
---------------+----------------------+-----
Fighting       | 1 |  1.2
Spellcasting   | 3 4 5 |  5.2
Invocations    | 1 2 3 |  3.5
Dodging        | |  2.1
Stealth        | |  1.5

Action                   |  1- 3 |  4- 6 |  7- 9 || total
-------------------------+-------+-------+-------++-------
Melee: Flail             |    12 |    22 |       ||    34
 Cast: Sandblast         |    47 |    61 |       ||   108
       Stone Arrow       |       |     9 |     5 ||    14
Invok: Draw Destruction  |       |     6 |       ||     6
       Draw Summoning    |       |     2 |       ||     2
       Draw Escape       |       |     1 |     2 ||     3
  Use: Scroll            |       |     8 |       ||     8
 Stab: Sleeping          |     1 |       |       ||     1
Armor: Robe              |     7 |    18 |     1 ||    26
Dodge: Dodged            |    26 |    43 |     5 ||    74

Table legend: (Time is in decaauts)
 A = Elapsed time spent in this place.
 B = Non-inter-level travel time spent in this place.
 C = Inter-level travel time spent in this place.
 D = Time resting spent in this place.
 E = Time spent auto-exploring this place.
 F = Levels seen in this place.
 G = Mean time per level.
                   A        B        C        D        E       F      G
               +--------+--------+--------+--------+--------+-----+--------+
         Total |   2969 |   2937 |     32 |    700 |   1746 |   4 |  742.2 |
       Dungeon |   1867 |   1835 |     32 |      7 |   1522 |   3 |  622.3 |
         Sewer |   1102 |   1102 |      0 |    693 |    224 |   1 | 1102.0 |
               +--------+--------+--------+--------+--------+-----+--------+

Top non-repeatable levels by time:
   Sewer: 1102 daAuts
     D:1: 982 daAuts
     D:2: 822 daAuts
     D:3: 62 daAuts
